 Dungeon Crawl Stone Soup version 0.24-a0-458-gfcb5e6da0e (webtiles) character file.

Game seed: 10960862345016799337

509 Mrkan the Ruffian (level 6, -13/59 HPs)
             Began as a Troll Abyssal Knight on June 27, 2019.
             Was a Priest of Lugonu.
             Mangled by Pikel
             ... wielding a +1 whip of electrocution
              (19 damage)
             ... on level 5 of the Dungeon.
             The game lasted 00:05:23 (2775 turns).

Mrkan the Ruffian (Troll Abyssal Knight)            Turns: 2775, Time: 00:05:25

Health: -13/59     AC:  6    Str: 21    XL:     6   Next: 98%
Magic:  8/8        EV:  8    Int: 10    God:    Lugonu [***...]
Gold:   227        SH:  8    Dex:  9    Spells: 5/5 levels left

rFire    + . .     SeeInvis .     - Unarmed
rCold    + . .     Gourm    +   i - +0 shield
rNeg     . . .     Faith    .   a - +0 robe
rPois    .         Spirit   .   (helmet restricted)
rElec    .         Reflect  .   x - scarf {rC+ rF+}
rCorr    .         Harm     .   (gloves unavailable)
MR       .....                  (boots unavailable)
Stlth    +.........             (no amulet)
HPRegen  0.59/turn              (no ring)
MPRegen  0.11/turn              (no ring)

@: no status effects
A: large, unfitting armour, claws 3, fast metabolism 3, gourmand, regeneration
1, shaggy fur 1, tough skin 3
a: Depart the Abyss, Bend Space, Banish, Renounce Religion


You were on level 5 of the Dungeon.
You worshipped Lugonu.
Lugonu was most pleased with you.
You were completely stuffed.

You visited 1 branch of the dungeon, and saw 5 of its levels.
You visited the Abyss 1 time.

You collected 227 gold pieces.

Inventory:

Hand Weapons
 y - a +0 morningstar
Missiles
 f - 178 stones (quivered)
 A - 2 boomerangs
Armour
 a - a +0 robe (worn)
 g - a +0 hat
 i - a +0 shield (worn)
 x - a scarf of resistance (worn)
Jewellery
 t - an uncursed ring of protection from magic {unknown}
 C - an uncursed ring of magical power {unknown}
Wands
 v - a wand of paralysis (5)
Scrolls
 e - 3 scrolls of identify {unknown}
 h - a scroll of immolation {unknown}
 j - 2 scrolls of random uselessness {unknown}
 k - a scroll of teleportation {unknown}
 m - a scroll of fog {unknown}
 o - a scroll of remove curse {unknown}
 p - a scroll of amnesia {unknown}
 u - a scroll of blinking {unknown}
 B - a scroll of enchant armour {unknown}
Potions
 c - 2 potions of haste {unknown}
 d - 2 potions of curing {unknown}
 l - 3 potions of flight {unknown}
 n - 3 potions of heal wounds {unknown}
 q - a potion of ambrosia {unknown}
 r - a potion of agility {unknown}
 s - 2 potions of degeneration {unknown}
 w - a potion of cancellation {unknown}
 z - a potion of lignification {unknown}
 D - 2 potions of mutation {unknown}
Comestibles
 b - 11 rations
 E - 5 chunks of flesh


   Skills:
 - Level 2.4 Fighting
 - Level 1.9 Dodging
 * Level 3.6 Shields
 - Level 4.2 Unarmed Combat
 + Level 4.1 Invocations


You had 5 spell levels left.
You didn't know any spells.
Your spell library was empty.

Dungeon Overview and Level Annotations

Branches:
Dungeon (5/15)
 Temple: D:4-7

Altars:
Sif Muna

Annotations:
D:3 3 runed translucent doors, Zaque's ghost, amateur DsMo
D:4 Grinder
D:5 Pikel


Innate Abilities, Weirdness & Mutations

You are too large for most types of armour.
You have claws for hands.
Your metabolism is lightning-fast.
You like to eat raw meat.
Your natural rate of healing is unusually fast.
You are covered in fur. (AC +1)
You have extremely tough skin. (AC +3)


Message History

Pikel hits you with a +1 whip of electrocution.
You are electrocuted!
You claw Pikel!
Pikel is heavily wounded.
The slave hits you but does no damage.
Pikel hits you with a +1 whip of electrocution!
You are electrocuted!
* * * LOW HITPOINT WARNING * * *
You closely miss Pikel.
Pikel is heavily wounded.
Pikel hits you with a +1 whip of electrocution.
* * * LOW HITPOINT WARNING * * *
You block the slave's attack.
You barely miss Pikel.
Pikel is heavily wounded.
The slave hits you but does no damage.
Pikel hits you with a +1 whip of electrocution!
* * * LOW HITPOINT WARNING * * *
You are electrocuted!!
You die...

#.##########
#..pK@pp..#
#.######p#.#
.$ ... .<.
.# #


You could see Pikel and 4 slaves.

Vanquished Creatures
  2 ogres (D:4)
  A scorpion (D:4)
  An orc priest (D:3)
  2 orc wizards (D:4)
  Terence (D:3)
  5 adders
  3 gnolls (D:3)
  3 oozes
  2 adder skeletons (D:4)
  A worm (D:2)
  A dart slug (D:1)
  3 leopard geckos
  10 orcs
  2 ball pythons (D:3)
  2 bats
  2 giant cockroaches
  6 goblins
  10 hobgoblins
  3 quokkas
  6 frilled lizards
  8 kobolds
  A leopard gecko skeleton (D:4)
  7 rats
82 creatures vanquished.

Notes
Turn   | Place    | Note
-------+----------+-------------------------------------------
     0 | Abyss:1  | Mrkan the Troll Abyssal Knight began the quest for the Orb.
     0 | Abyss:1  | Reached XP level 1. HP: 22/22 MP: 1/1
    48 | Abyss:1  | Noticed a thrashing horror
    51 | D:1      | Escaped the Abyss
   144 | D:1      | Reached * piety under Lugonu
   209 | D:1      | Reached XP level 2. HP: 24/29 MP: 2/2
   667 | D:2      | Reached XP level 3. HP: 34/36 MP: 3/3
  1003 | D:2      | Reached XP level 4. HP: 35/44 MP: 4/4
  1175 | D:2      | Reached ** piety under Lugonu
  1410 | D:3      | Found a runed translucent gate.
  1410 | D:3      | Found a runed translucent gate.
  1410 | D:3      | Found a runed translucent gate.
  1420 | D:3      | Noticed Zaque's ghost (amateur DsMo)
  1620 | D:3      | Reached XP level 5. HP: 48/50 MP: 6/6
  1635 | D:3      | Reached skill level 1 in Shields
  1819 | D:3      | Found a deep blue altar of Sif Muna.
  1858 | D:3      | Noticed Terence
  1873 | D:3      | Killed Terence
  2328 | D:4      | Reached XP level 6. HP: 42/59 MP: 7/7
  2689 | D:4      | Reached *** piety under Lugonu
  2758 | D:4      | Noticed Grinder
  2771 | D:5      | Entered Level 5 of the Dungeon
  2771 | D:5      | Noticed Pikel
  2771 | D:5      | Noticed a slave
  2771 | D:5      | Noticed a slave
  2771 | D:5      | Noticed a slave
  2771 | D:5      | Noticed a slave
  2775 | D:5      | Mangled by Pikel

Levels and vault maps discovered:
D:1:      tarquinn_simple_flora_water_e, layout_loops_ring
D:2:      layout_loops_ring, first_ration
D:3:      layout_basic, lemuel_blue_sif_altar, gammafunk_ghost_necromancy,
          minmay_diced_spiral, uniq_terence
D:4:      layout_cave_pods, uniq_grinder
D:5:      layout_loops_ring, serial_bayou, serial_bayou_pond_e,
          serial_bayou_pond_d, serial_bayou_shore_a, serial_bayou_pond_c,
          uniq_pikel, uniq_crazy_yiuf_cottage

Skill      XL: |  1  2  3  4  5  6 |
---------------+-------------------+-----
Invocations    | 2 3 4 |  4.1
Unarmed Combat | 3 4 |  4.2
Shields        | 2 3 |  3.6
Fighting       | |  2.4
Dodging        | |  1.9

Action                   |  1- 3 |  4- 6 || total
-------------------------+-------+-------++-------
Melee: Unarmed           |    98 |   184 ||   282
Invok: Depart the Abyss  |     1 |       ||     1
Evoke: Wand              |       |     2 ||     2
 Stab: Sleeping          |     1 |       ||     1
       Paralysed         |       |     3 ||     3
  Eat: Chunk             |     8 |    23 ||    31
Armor: Robe              |    27 |    60 ||    87
Dodge: Dodged            |    33 |    40 ||    73
Block: Shield            |    19 |    57 ||    76

Table legend:
 A = Non-vault XP
 B = Vault XP
 C = Vault XP percentage of total XP
 D = Non-vault monster count
 E = Vault monster count
 F = Vault count percentage of total count
                 A         B        C        D         E       F
            +---------+---------+-------+---------+---------+-------
      Total |     682 |      46 |   6.3 |      75 |       7 |   8.5
            +---------+---------+-------+---------+---------+-------
        D:1 |      27 |       0 |   0.0 |      15 |       0 |   0.0
        D:2 |      79 |       0 |   0.0 |      21 |       0 |   0.0
        D:3 |     139 |      46 |  24.9 |      20 |       7 |  25.9
        D:4 |     437 |       0 |   0.0 |      19 |       0 |   0.0
            +---------+---------+-------+---------+---------+-------
